 Dungeon Crawl Stone Soup version 0.14-a0-1388-g200237c (webtiles) character file.

2115 PolkaDot the Conjurer (level 8, 0/52 HPs)
             Began as a Vampire Conjurer on Dec 9, 2013.
             Slain by an ogre
             ... wielding a +0,+0 giant club
              (30 damage)
             ... on Level 6 of the Dungeon.
             The game lasted 00:26:43 (6961 turns).

PolkaDot the Conjurer (Vampire Conjurer)            Turns: 6961, Time: 00:26:44

HP   0/52        AC  4     Str  7      XL: 8   Next: 72%
MP  10/13        EV 13     Int 19      God:
Gold 423         SH  0     Dex 14      Spells:  3 memorised,  4 levels left

rFire  + . .     SeeInvis +     a - +10,+4 spear of Fouggix {pierce, rF+}
rCold  . . .     Clarity  .     i - +0 robe
rNeg   . . .     Conserve .     (no shield)
rPois  .         rCorr    .     (no helmet)
rElec  .         rRot     .     t - +0 cloak
SustAb . .       Spirit   .     B - +0 pair of elf gloves
rMut   .         Warding  .     (no boots)
Saprov . . .     Stasis   .     (no amulet)
                                y - +1 ring of evasion
                                h - ring of sustenance

@: regenerating quickly, somewhat resistant to hostile enchantments, stealthy
A: bottle blood, fangs 3, see invisible, unbreathing
a: Bottle Blood


You were on level 6 of the Dungeon.
You were very full.

You visited 1 branch of the dungeon, and saw 6 of its levels.

You collected 423 gold pieces.

Inventory:

Hand weapons
 a - the +10,+4 spear of Fouggix (weapon) {pierce, rF+}
   (You found it on level 6 of the Dungeon)

   It inflicts extra damage upon your enemies.
   It protects you from fire.
Armour
 i - a +0 robe (worn)
 l - a +0 pair of gloves
 q - a +0 elven leather armour
 t - a +0 cloak (worn)
 B - a +0 pair of elven gloves (worn)
Scrolls
 e - a scroll of enchant weapon I {unknown}
 g - a scroll of magic mapping
 j - 2 scrolls of immolation {unknown}
 k - 2 scrolls of random uselessness {unknown}
 m - a scroll of blinking
 p - a scroll of enchant armour {unknown}
 v - a scroll of recharging {unknown}
 x - 2 scrolls of curse armour {unknown}
Jewellery
 d - an uncursed ring of flight
 h - a ring of sustenance (left hand)
 r - an uncursed ring of protection from fire
 s - an uncursed ring of sustain abilities
 y - a +1 ring of evasion (right hand)
Potions
 b - a potion of restore abilities
 n - a potion of cure mutation
Books
 c - a book of Conjurations

   Spells                             Type                      Level
   *Magic Dart                        Conjuration                  1
   *Searing Ray                       Conjuration                  2
   Dazzling Spray                     Conjuration/Hexes            3
   *Iskenderun's Mystic Blast         Conjuration                  4
   Iskenderun's Battlesphere          Conjuration/Charms           4
   Fulminant Prism                    Conjuration/Hexes            5
 w - a book of Party Tricks

   Spells                             Type                      Level
   Summon Butterflies                 Summoning                    1
   Apportation                        Translocation                1
   Blink                              Translocation                2
   Alistair's Intoxication            Transmutation/Poison         4
   Tukima's Dance                     Hexes                        5
Magical staves
 f - an uncursed staff of cold


   Skills:
 - Level 2.1 Dodging
 - Level 3.0 Stealth
 - Level 2.0 Spellcasting
 * Level 9.2 Conjurations


You had 4 spell levels left.
You knew the following spells:

 Your Spells              Type           Power        Failure   Level  Hunger
a - Magic Dart            Conj           ####         1%          1    #......
d - Iskenderun's Mystic   Conj           #####...     4%          4    #####..
s - Searing Ray           Conj           #####.       1%          2    ##.....


Dungeon Overview and Level Annotations

Branches:
Dungeon (6/16)
 Temple: D:4-7

Altars:
Cheibriados
Elyvilon
Nemelex Xobeh
Trog
Yredelemnul
the Shining One


Innate Abilities, Weirdness & Mutations

Your natural rate of healing is unusually fast.
You can bottle blood from corpses.
You have razor-sharp teeth.*
You have supernaturally acute eyesight.
You can survive without breathing.*


Message History

Found a sparkling altar of Nemelex Xobeh.
There is an open door here.
There is an open door here.
You open the door.
An ogre comes into view. It is wielding a giant club.
The ogre shouts!
There is an open door here.
Casting: Searing Ray
Confirm with . or Enter, or press ? or * to list all spells.
Aiming: Searing Ray
Press: ? - help, Shift-Dir - straight line, f - ogre
Aim: an ogre, wielding a giant club The searing ray hits the ogre.
The ogre is moderately wounded.
The ogre hits you with a giant club!
The searing ray hits the ogre.
The ogre is severely wounded.
The ogre hits you with a giant club!
Ouch! That really hurt!
You die...

...#...#.########.##############.
..%.............................)
...#...#.########.##############.
...#...#.# ##...................
####...#.# #..###..############.
..##...#.####.##.##.### #.
..##..>#.##...#...#...##########.
............####O####............
..###.##.#.## #@#..##.##########
..# #.##.#.# +.'._.#.# #.#
#.##.#.## ##.##.##.#
#.###.##.#..###.#.###..#
...........)....#.....## #
...........###.###.#### #
...........# #.....# #
...........######################
........)........................


You could see an ogre.

Vanquished Creatures
  A hippogriff (D:4)
  A necrophage (D:6)
  A phantom (D:5)
  An ice beast (D:5)
  An ogre (D:5)
  3 centaurs
  Sigmund (D:6)
  A jelly (D:5)
  5 wights (D:6)
  A goliath beetle (D:5)
  2 orc priests (D:6)
  2 orc wizards
  A giant frog skeleton (D:6)
  A hound (D:5)
  2 worker ants
  Crazy Yiuf (D:3)
  A scorpion (D:6)
  A black bear skeleton (D:4)
  Ijyb (D:5)
  11 adders
  4 gnolls (D:3)
  A giant mite (D:3)
  A worm (D:2)
  2 adder zombies
  An iguana skeleton (D:4)
  2 giant geckos
  2 oozes (D:2)
  7 orcs
  4 giant cockroaches
  16 goblins
  10 hobgoblins
  9 jackals
  11 kobolds
  5 quokkas
  13 bats
  8 giant newts
  A kobold skeleton (D:5)
  A quokka skeleton (D:5)
  11 rats
  A spectral orc (D:3)
149 creatures vanquished.

Vanquished Creatures (others)
  2 fungi (D:6)
2 creatures vanquished.

Grand Total: 151 creatures vanquished

Notes
Turn   | Place    | Note
--------------------------------------------------------------
     0 | D:1      | PolkaDot, the Vampire Conjurer, began the quest for the Orb.
     0 | D:1      | Reached XP level 1. HP: 13/13 MP: 3/3
   418 | D:1      | Reached XP level 2. HP: 19/19 MP: 1/4
   802 | D:1      | Learned a level 2 spell: Searing Ray
  1270 | D:2      | Reached XP level 3. HP: 18/24 MP: 6/6
  1720 | D:2      | Reached skill level 4 in Conjurations
  2254 | D:2      | Reached XP level 4. HP: 30/30 MP: 3/7
  3163 | D:3      | Found a white marble altar of Elyvilon.
  3255 | D:3      | Found a bloodstained altar of Trog.
  3295 | D:3      | Found a basalt altar of Yredelemnul.
  3365 | D:3      | Learned a level 4 spell: Iskenderun's Mystic Blast
  3428 | D:3      | Reached XP level 5. HP: 26/35 MP: 1/9
  3545 | D:3      | Reached skill level 5 in Conjurations
  3668 | D:3      | Noticed Crazy Yiuf
  3675 | D:3      | Killed Crazy Yiuf
  4666 | D:4      | Reached XP level 6. HP: 31/41 MP: 10/10
  4752 | D:5      | Entered Level 5 of the Dungeon
  4755 | D:5      | Noticed a hippogriff
  4879 | D:4      | Killed a hippogriff
  4879 | D:4      | Reached skill level 6 in Conjurations
  5096 | D:5      | Reached XP level 7. HP: 25/46 MP: 3/12
  5161 | D:5      | Noticed Ijyb
  5194 | D:5      | Killed Ijyb
  5539 | D:5      | Found a snail-covered altar of Cheibriados.
  5608 | D:5      | Reached skill level 7 in Conjurations
  5798 | D:5      | Found a glowing golden altar of the Shining One.
  6243 | D:6      | Reached XP level 8. HP: 42/52 MP: 5/13
  6327 | D:6      | Noticed Sigmund
  6348 | D:6      | Killed Sigmund
  6366 | D:6      | Got a twisted spear
  6367 | D:6      | Identified the +10,+4 spear of Fouggix {pierce, rF+} (You found it on level 6 of the Dungeon)
  6403 | D:6      | Reached skill level 8 in Conjurations
  6722 | D:6      | Reached skill level 9 in Conjurations
  6954 | D:6      | Found a sparkling altar of Nemelex Xobeh.
  6961 | D:6      | Slain by an ogre

Action                   |  1- 3 |  4- 6 |  7- 9 || total
-------------------------+-------+-------+-------++-------
Melee: Unarmed           |    26 |       |       ||    26
       Dagger            |   189 |   279 |    84 ||   552
       Spear             |       |       |    20 ||    20
 Cast: Magic Dart        |    15 |     1 |       ||    16
       Searing Ray       |     3 |    27 |    30 ||    60
       Iskenderun's Myst |       |     1 |       ||     1
Evoke: Wand              |       |       |     1 ||     1
  Use: Potion            |     4 |     1 |     6 ||    11
       Scroll            |     1 |     8 |     3 ||    12
 Stab: Sleeping          |     1 |     7 |     4 ||    12
